 Dungeon Crawl Stone Soup version 0.23.1 (webtiles) character file.

Game seed: 14631151685987896606

19 Borgoz the Sneak (level 2, 0/20 HPs)
             Began as a Ghoul Enchanter on Mar 14, 2019.
             Slain by a frilled lizard (2 damage)
             ... on level 2 of the Dungeon.
             The game lasted 00:01:15 (1255 turns).

Borgoz the Sneak (Ghoul Enchanter)                  Turns: 1255, Time: 00:01:16

Health: 0/20       AC:  2    Str: 11    XL:     2   Next: 75%
Magic:  3/3        EV: 12    Int: 10    God:
Gold:   70         SH:  0    Dex:  9    Spells: 3/4 levels left

rFire    . . .     SeeInvis .   a - +1 dagger
rCold    + . .     Gourm    .   (no shield)
rNeg     + + +     Faith    .   b - +0 robe
rPois    ∞         Spirit   .   (no helmet)
rElec    .         Reflect  .   (no cloak)
rCorr    .         Harm     .   (no gloves)
MR       .....                  (no boots)
Stlth    ++........             (no amulet)
HPRegen  0.00/turn              (no ring)
MPRegen  0.08/turn              (no ring)

@: rotting
A: rotting body, claws 1, carnivore, cold resistance 1, negative energy
resistance 3, inhibited regeneration, torment resistance, unbreathing
a: no special abilities


You were on level 2 of the Dungeon.
You were not hungry.

You visited 1 branch of the dungeon, and saw 2 of its levels.

You collected 70 gold pieces.

Inventory:

Hand Weapons
 a - a +1 dagger (weapon)
Missiles
 e - 7 javelins of returning (quivered)
Armour
 b - a +0 robe (worn)
 h - a +0 ring mail
Jewellery
 f - a +3 ring of intelligence {unknown}
Scrolls
 c - a scroll of enchant armour {unknown}
 g - 2 scrolls of identify {unknown}
 i - a scroll of remove curse {unknown}
Comestibles
 d - 3 rations


   Skills:
 * Level 1.5 Short Blades
 * Level 1.1 Armour
 + Level 2.0 Dodging
 - Level 3.3 Stealth
 - Level 1.7 Spellcasting
 - Level 2.4 Hexes


You had 3 spell levels left.
You knew the following spells:

 Your Spells              Type           Power        Failure   Level  Hunger
a - Corona                Hex            #......      12%         1    ##.....

Your spell library contained the following spells:

 Spells                   Type           Power        Failure   Level  Hunger
 Ensorcelled Hibernation  Hex/Ice        #.....       30%         2    ###....
 Confuse                  Hex            #.......     34%         3    ####...
 Tukima's Dance           Hex            #.......     34%         3    ####...
 Dazzling Spray           Conj/Hex       #.....       52%         3    ####...


Dungeon Overview and Level Annotations

Branches:
Dungeon (2/15)

Altars:


Innate Abilities, Weirdness & Mutations

Your body is rotting away.
You thrive on raw meat.
You are immune to poison.
You have sharp fingernails.
You are carnivorous and can eat meat at any time.
Your flesh is cold resistant. (rC+)
You are immune to negative energy. (rN+++)
You do not regenerate when monsters are visible.
You are immune to unholy pain and torment.
You can survive without breathing.


Message History

You are too injured to fight recklessly!
You are too injured to fight recklessly!
You are too injured to fight recklessly!
You are too injured to fight recklessly!
It was a potion of cancellation.
You feel magically purged. The adder bites you.
* * * LOW HITPOINT WARNING * * *
Eat a chunk of flesh? (ye/n/q)
You eat the chunk of flesh.
This raw flesh tastes great!
The adder bites you.
* * * LOW HITPOINT WARNING * * *
Okay, then.
Casting: Corona (safe; 12% risk of failure)
Confirm with . or Enter, or press ? or * to list all spells.
You don't know that spell.
You aren't carrying any potions.
Okay, then.
You closely miss the adder.
The adder is heavily wounded.
The adder closely misses you. The frilled lizard bites you.
You die...

##.........#
....###...## ....#
#...# ....# ###.#
##### ....# #)#..
..... ....# #.#.#
...... #####
#.#.######......
#.#.##...S....!#
#.#.##..@......#
#.#.##...l.....#
#.#.##%.........
######'#.............
#......)..#..........
#....................
#....................
#............#######.
#............#


You could see an adder and a frilled lizard.

Vanquished Creatures
  A bat (D:1)
  A giant cockroach (D:1)
  3 goblins
  6 hobgoblins
  3 kobolds (D:1)
  3 rats
17 creatures vanquished.

Notes
Turn   | Place    | Note
-------+----------+-------------------------------------------
     0 | D:1      | Borgoz the Ghoul Enchanter began the quest for the Orb.
     0 | D:1      | Reached XP level 1. HP: 14/14 MP: 2/2
    85 | D:1      | Reached skill level 1 in Short Blades
   491 | D:1      | Reached XP level 2. HP: 10/20 MP: 3/3
   962 | D:1      | Reached skill level 1 in Armour
  1255 | D:2      | Slain by a frilled lizard

Skill      XL: |  1  2 |
---------------+-------+-----
Short Blades   | 1 |  1.5
Dodging        | 2 |  2.0
Armour         | 1 |  1.1
Stealth        | |  3.3
Spellcasting   | |  1.7
Hexes          | |  2.4

Action                   || total
-------------------------++-------
Melee: Dagger            ||    67
  Use: Potion            ||     1
 Stab: Sleeping          ||     4
  Eat: Chunk             ||     5
Armor: Robe              ||     7
Dodge: Dodged            ||    37
